 Dungeon Crawl Stone Soup version 0.17-a0-2220-g6fea741 (webtiles) character file.

26 kosy22 the Ducker (level 2, 19/29 HPs)
             Began as a Troll Fighter on Oct 28, 2015.
             Starved to death
             ... while paralysed
             ... on level 2 of the Dungeon.
             The game lasted 00:02:08 (1110 turns).

kosy22 the Ducker (Troll Fighter)                   Turns: 1110, Time: 00:02:08

Health: 19/29      AC:  5    Str: 23    XL:     2   Next: 89%
Magic:  1/1        EV:  1    Int:  4    God:
Gold:   31         SH:  0    Dex: 14    Spells: 0 memorised, 1 level left

rFire  . . .     SeeInvis .       - Unarmed
rCold  . . .     Clarity  .     a - +0 robe
rNeg   . . .     SustAt   .     b - +1 shield
rPois  .         Gourm    +     (helmet restricted)
rElec  .         Spirit   .     (no cloak)
rCorr  .         Warding  .     (gloves unavailable)
rMut   .         Stasis   .     (boots unavailable)
MR     .....                    m - amulet of inaccuracy (curse)
Stlth  +.........               (no ring)
                                e - +5 ring of dexterity

@: paralysed, fainting, not resistant to hostile enchantments, very unstealthy
A: unfitting armour, claws 3, fast metabolism 3, gourmand, regeneration 2,
shaggy fur 1, tough skin 2
a: no special abilities


You were on level 2 of the Dungeon.
You were fainting.

You visited 1 branch of the dungeon, and saw 2 of its levels.

You collected 31 gold pieces.

Inventory:

Missiles
 h - 4 tomahawks (quivered)
Armour
 a - a +0 robe (worn)
 b - a +1 shield (worn)
Jewellery
 e - a +5 ring of dexterity (left claw)
 m - a cursed amulet of inaccuracy (around neck)
Scrolls
 g - 2 scrolls of teleportation
 l - a scroll of blinking {unknown}
Potions
 c - a potion of might
 f - a potion of curing {unknown}
 i - a potion of heal wounds {unknown}
 j - a potion of cure mutation {unknown}
 k - a potion of brilliance {unknown}
Comestibles
 d - a bread ration


   Skills:
 + Level 2.5 Fighting
 + Level 2.8 Dodging
 + Level 2.7 Shields
 + Level 2.2 Unarmed Combat


You had one spell level left.
You didn't know any spells.

Dungeon Overview and Level Annotations

Branches:
Dungeon (2/15)

Altars:


Innate Abilities, Weirdness & Mutations

You are too large for most types of armour.
You have claws for hands.
Your metabolism is lightning-fast.
You like to eat raw meat.
You heal very quickly.
You are covered in fur (AC +1).
You have very tough skin (AC +2).


Message History

You block the hobgoblin's attack. The goblin hits you but does no damage.
You scratch the goblin.
The goblin is moderately wounded.
You block the bat's attack. You block the hobgoblin's attack.
You block the goblin's attack.
You scratch the goblin but do no damage.
The goblin is moderately wounded.
The bat hits you but does no damage. The hobgoblin misses you.
You claw the goblin!
You kill the goblin!
The bat closely misses you. You block the hobgoblin's attack.
You block the bat's attack.
The hobgoblin hits you but does no damage.
You see here a club.
The bat hits you but does no damage. x2
You lose consciousness!
The bat hits you but does no damage. The bat hits you. The hobgoblin hits you.
You have starved to death.
You die...

#................... ##
#...........#.#######..# ..
.###...........#.## ####..#####..
...#............... .....#..!...
...#..........##..## ##.....##..#
...................###......#..##
############..#..................
# ##..####..##.#......# #
#...).@......†......# #
#.........bg#...#.###......# #
##.#...............# ########
####....###...........# ......#
###.#...$...# .....## #.#.......#
.....# #.#.......#
.....########.##......#
...........!.....$...)##


You could see a hobgoblin and a bat.

Vanquished Creatures
  4 bats (D:1)
  3 goblins
  6 hobgoblins
  A giant cockroach (D:1)
  A giant gecko (D:2)
  A giant newt (D:1)
  6 kobolds (D:1)
  A quokka (D:2)
  2 rats (D:2)
25 creatures vanquished.

Notes
Turn   | Place    | Note
--------------------------------------------------------------
     0 | D:1      | kosy22 the Troll Fighter began the quest for the Orb.
     0 | D:1      | Reached XP level 1. HP: 22/22 MP: 0/0
   239 | D:1      | Reached XP level 2. HP: 29/29 MP: 1/1
  1110 | D:2      | Starved to death

Vault maps used:
D:1:      saegor_arrival_simple_b
D:2:      lightli_temple_of_fire, grunt_gozag_breadcrumbs

Action                   || total
-------------------------++-------
Melee: Unarmed           ||    96
  Use: Scroll            ||     5
  Eat: Bread ration      ||     1
